 Dungeon Sprint DCSS version 0.27-a0-1442-g87b6fcb595 (webtiles) character file.

Game seed: 7554832743519779887

4047 mhtbhm the Impaler (level 10, -3/145 HPs)
             Began as a White Draconian Berserker on July 4, 2021.
             Was a High Priest of Trog.
             Slain by a spriggan rider (14 damage)
             ... in the Dungeon (Sprint VII: "The Pits").
             The game lasted 00:02:09 (1432 turns).

mhtbhm the Impaler (White Draconian Berserker)      Turns: 1432, Time: 00:02:10

Health: -3/145     AC:  9    Str: 22    XL:     10   Next: 4%
Magic:  10/10      EV: 16    Int:  9    God:    Trog [*****.]
Gold:   0          SH:  0    Dex: 10    Spells: 9/9 levels left

rFire    . . .     SeeInvis .   l - +0 glaive (flame)
rCold    + . .     Faith    .   (shield currently unavailable)
rNeg     . . .     Spirit   .   (armour unavailable)
rPois    .         Reflect  .   k - +0 hat
rElec    .         Harm     .   j - +1 cloak
rCorr    .         Rampage  .   (no gloves)
Will     .....     NoTele   +   (no boots)
Stlth    ..........             (no amulet)
HPRegen  0.34/turn              (no ring)
MPRegen  0.12/turn              (no ring)

@: berserking, very quick
A: breathe frost, AC +7, unfitting armour, cold resistance 1, cold-blooded
a: Breathe Frost, Renounce Religion, Berserk, Trog's Hand, Brothers in Arms


You were in the Dungeon.
You worshipped Trog.
Trog was extremely pleased with you.
You visited 1 branch

Inventory:

Hand Weapons
 a - a +3 vorpal bardiche
 l - a +0 glaive of flaming (weapon)
Armour
 j - a +1 cloak (worn)
 k - a +0 hat (worn)
Jewellery
 m - a +3 ring of protection
 n - a +3 ring of intelligence
Scrolls
 g - a scroll of blinking
 i - a scroll of summoning
Potions
 b - 9 potions of curing
 c - 10 potions of heal wounds
 d - 2 potions of haste
 e - 4 potions of magic
 f - 4 potions of berserk rage
 h - 2 potions of invisibility
 o - a potion of might


   Skills:
 + Level 11.8 Fighting
 + Level 15.4 Polearms
 + Level 11.7 Dodging
 + Level 6.1 Stealth


You had 9 spell levels left.
You didn't know any spells.
Your spell library was empty.

Dungeon Overview and Level Annotations

Branches:
Dungeon (1/1)

Altars:
Cheibriados
Dithmenos
Elyvilon
Fedhas
Gozag
Hepliaklqana
Makhleb
Nemelex Xobeh
Okawaru
Qazlal
Ru
Sif Muna
Trog
Wu Jian
Xom
Yredelemnul
Zin
The Shining One
Jiyva


Innate Abilities, Weirdness & Mutations

You can breathe waves of freezing cold which knock back foes.
Your icy white scales are hard. (AC +7)
You cannot fit into any form of body armour.
Your flesh is cold resistant. (rC+)
You are cold-blooded and may be slowed by cold attacks.


Message History

The vampire mosquito bites you.
The vampire mosquito draws strength from your injuries!
The vampire mosquito closely misses you.
Unknown command.
You slash the vampire mosquito! You burn the vampire mosquito!
Your tail-slap misses the vampire mosquito.
The vampire mosquito is severely damaged.
The vampire mosquito bites you but does no damage.
The vampire mosquito bites you.
The vampire mosquito draws strength from your injuries!
The spriggan rider hits you from afar with a +0 spear!
* * * LOW HITPOINT WARNING * * *
You slash the vampire mosquito! You burn the vampire mosquito.
You destroy the vampire mosquito!
Trog accepts your kill.
The vampire mosquito bites you but does no damage.
Your Stealth skill increases to level 6!
You have reached level 10!
You slice the vampire mosquito!! You burn the vampire mosquito.
You destroy the vampire mosquito!
Trog accepts your kill.
The spriggan rider hits you from afar with a +0 spear!
* * * LOW HITPOINT WARNING * * *
The spriggan rider hits you with a +0 spear!
* * * LOW HITPOINT WARNING * * *
You hit the spriggan rider. You burn the spriggan rider.
The spriggan rider is lightly wounded.
You barely miss the spriggan rider.
The spriggan rider is lightly wounded.
The spriggan rider hits you but does no damage.
You slash the spriggan rider! You burn the spriggan rider.
The spriggan rider is moderately wounded.
The spriggan rider hits you with a +0 spear!
* * * LOW HITPOINT WARNING * * *
You hit the spriggan rider. You burn the spriggan rider.
The spriggan rider is heavily wounded.
You closely miss the spriggan rider. You tail-slap the spriggan rider.
The spriggan rider is heavily wounded.
The spriggan rider hits you with a +0 spear!
You die...

#####++##########
............##..#
..#..#......##..#
............''..#
............''..########
..#..#......##..........
............##..@i......
#####++#################
...# ...# ...# ...# ...#
...# ...#


You could see a spriggan rider.

Vanquished Creatures
  Gastronok (D)
  A boulder beetle (D)
  A deep troll (D)
  Pikel (D)
  2 vampire mosquitoes (D)
  An ice beast (D)
  An orc warrior (D)
  A black bear (D)
  An ogre (D)
  A lemure (D)
  A scorpion (D)
  3 wights (D)
  A jelly (D)
  Crazy Yiuf (D)
  An adder (D)
  2 river rats (D)
  A worm (D)
  An orc (D)
  A giant cockroach (D)
  2 goblins (D)
  A hobgoblin (D)
  4 jackals (D)
  2 ball pythons (D)
  A frilled lizard (D)
33 creatures vanquished.

Notes
Turn   | Place    | Note
-------+----------+-------------------------------------------
     0 | D        | mhtbhm the Draconian Berserker began the quest for the Orb.
     0 | D        | Reached XP level 1. HP: 19/19 MP: 1/1
    57 | D        | Reached ** piety under Trog
   119 | D        | Reached skill level 4 in Polearms
   119 | D        | Reached XP level 2. HP: 16/27 MP: 2/2
   246 | D        | Reached *** piety under Trog
   248 | D        | Noticed a scorpion
   262 | D        | Killed a scorpion
   263 | D        | Reached skill level 5 in Fighting
   263 | D        | Reached skill level 6 in Polearms
   263 | D        | Reached skill level 1 in Stealth
   263 | D        | Reached XP level 3. HP: 9/36 MP: 3/3
   263 | D        | Reached XP level 4. HP: 11/42 MP: 4/4
   264 | D        | Reached **** piety under Trog
   265 | D        | Reached skill level 5 in Dodging
   557 | D        | Found a bloodstained altar of Trog.
   557 | D        | Found a shimmering blue altar of Sif Muna.
   557 | D        | Found a viscous altar of Jiyva.
   557 | D        | Found a hazy altar of Hepliaklqana.
   557 | D        | Found an opulent altar of Gozag.
   558 | D        | Found a glowing golden altar of the Shining One.
   558 | D        | Found a glowing silver altar of Zin.
   558 | D        | Found a basalt altar of Yredelemnul.
   558 | D        | Found a shimmering altar of Xom.
   558 | D        | Found an ornate altar of the Wu Jian Council.
   558 | D        | Found a sacrificial altar of Ru.
   558 | D        | Found a stormy altar of Qazlal.
   558 | D        | Found an iron altar of Okawaru.
   558 | D        | Found a sparkling altar of Nemelex Xobeh.
   558 | D        | Found a burning altar of Makhleb.
   558 | D        | Found a blossoming altar of Fedhas.
   558 | D        | Found a white marble altar of Elyvilon.
   558 | D        | Found a shadowy altar of Dithmenos.
   558 | D        | Found a snail-covered altar of Cheibriados.
   682 | D        | Noticed a lemure
   682 | D        | Noticed an ice beast
   702 | D        | Killed a lemure
   708 | D        | Killed an ice beast
   708 | D        | Reached ***** piety under Trog
   709 | D        | Reached skill level 8 in Polearms
   709 | D        | Reached XP level 5. HP: 50/52 MP: 5/5
   722 | D        | Noticed Pikel
   722 | D        | Noticed a lemure
   730 | D        | Noticed a lemure
   732 | D        | Killed Pikel
   732 | D        | Noticed a black bear
   733 | D        | Reached skill level 10 in Polearms
   733 | D        | Reached XP level 6. HP: 63/63 MP: 6/6
   733 | D        | Your scales start taking on an icy white colour.
   733 | D        | Reached XP level 7. HP: 70/70 MP: 7/7
   733 | D        | Gained mutation: Your flesh is cold resistant. (rC+) [White
                  | Draconian growth]
   745 | D        | Reached skill level 11 in Polearms
   946 | D        | Noticed Crazy Yiuf
   949 | D        | Killed Crazy Yiuf
   949 | D        | Received a gift from Trog
   963 | D        | Noticed Gastronok
   974 | D        | Killed Gastronok
   975 | D        | Reached skill level 10 in Fighting
   975 | D        | Reached skill level 13 in Polearms
   975 | D        | Reached skill level 5 in Stealth
   975 | D        | Reached XP level 8. HP: 65/81 MP: 8/8
   975 | D        | Reached XP level 9. HP: 70/86 MP: 9/9
  1106 | D        | Reached skill level 14 in Polearms
  1113 | D        | Received a gift from Trog
  1290 | D        | Noticed a deep troll
  1290 | D        | Noticed a boulder beetle
  1305 | D        | Killed a boulder beetle
  1310 | D        | Killed a deep troll
  1311 | D        | Reached skill level 15 in Polearms
  1416 | D        | Noticed a spriggan rider
  1426 | D        | Reached XP level 10. HP: 42/97 MP: 10/10
  1432 | D        | Slain by a spriggan rider

Illustrated notes

Levels and vault maps discovered:
D:        pitsprint [storerooms_1, entrance_room_1, metal_vault_3, armoury_2,
          mini_pit_1, grid_room_1, main_hall_1, silver_pit, the_coven_3,
          the_vestibule_1, steel_vault_5, golden_pit, hallway_of_sentries,
          crystal_vault_4, iron_vault_2, final_vault]

Skill      XL: |  1  2  3  4  5  6  7  8  9 |
---------------+----------------------------+-----
Dodging        | 3 4 6 8 11 | 11.7
Fighting       | 4 5 7 9 10 11 | 11.8
Polearms       | 4 6 8 10 13 15 | 15.4
Stealth        | 1 2 3 5 6 |  6.1

Action                   |  1- 3 |  4- 6 |  7- 9 | 10-12 || total
-------------------------+-------+-------+-------+-------++-------
Melee: Trident           |    39 |    32 |    21 |       ||    92
       Spear             |     2 |       |       |       ||     2
       Tailslap          |     2 |     2 |    11 |     1 ||    16
       Glaive            |       |       |    38 |     6 ||    44
Invok: Berserk           |     1 |     1 |     3 |       ||     5
 Stab: Sleeping          |     1 |       |     2 |       ||     3
Armor: Skin              |    18 |     6 |     7 |     1 ||    32
Dodge: Dodged            |    45 |    20 |    24 |       ||    89

Table legend: (Time is in decaauts)
 A = Elapsed time spent in this place.
 B = Non-inter-level travel time spent in this place.
 C = Inter-level travel time spent in this place.
 D = Time resting spent in this place.
 E = Time spent auto-exploring this place.
 F = Levels seen in this place.
 G = Mean time per level.
                   A        B        C        D        E       F      G
               +--------+--------+--------+--------+--------+-----+--------+
         Total |   1487 |   1487 |      0 |   1016 |     25 |   1 | 1487.0 |
       Dungeon |   1487 |   1487 |      0 |   1016 |     25 |   1 | 1487.0 |
               +--------+--------+--------+--------+--------+-----+--------+

Top non-repeatable levels by time:
       D: 1487 daAuts
